 Dungeon Crawl Stone Soup version 0.20-a0-613-g92415a4 (webtiles) character file.

1142 kidcy the Cudgeler (level 8, -1/63 HPs)
             Began as a Demonspawn Monk on Jan 27, 2017.
             Was a Believer of Ashenzari.
             Slain by a centaur skeleton (2 damage)
             ... on level 6 of the Dungeon on Feb 8, 2017.
             The game lasted 00:15:29 (6590 turns).

kidcy the Cudgeler (Demonspawn Monk)                Turns: 6590, Time: 00:15:30

Health: -1/63      AC:  9    Str: 12 (14) XL:     8   Next: 15%
Magic:  0/8        EV: 11    Int: 10 (12) God:    Ashenzari [**....]
Gold:   215        SH:  0    Dex: 13 (15) Spells: 7/7 levels left

rFire    . . .     SeeInvis .   H - +0 flail
rCold    . . .     Gourm    .   l - +0 scale mail
rNeg     + . .     Faith    .   (no shield)
rPois    .         Spirit   +   y - +0 helmet
rElec    .         Reflect  .   (no cloak)
rCorr    .         Harm     .   f - +0 pair of gloves
MR       .....                  k - +0 pair of boots
Stlth    ++........             (no amulet)
Regen    0.2/turn               (no ring)
                                m - ring of positive energy

@: flying
A: talons 1, nightstalker 2, magic shield, magic regeneration
a: Curse Item, Scrying, Renounce Religion


You were on level 6 of the Dungeon.
You worshipped Ashenzari.
Ashenzari was pleased with you.
You were not hungry.

You visited 1 branch of the dungeon, and saw 6 of its levels.

You collected 215 gold pieces.

Inventory:

Hand Weapons
 H - a +0 flail (weapon)
Armour
 f - a +0 pair of gloves (worn)
 k - a +0 pair of boots (worn)
 l - a +0 scale mail (worn)
 y - a +0 helmet (worn)
Jewellery
 m - a ring of positive energy (left hand)
 D - the ring of Rippuroh {+Fly Str+4}
   (You found it on level 5 of the Dungeon)

   [ring of flight]

   It affects your strength (+4).
   It lets you fly.
Wands
 w - a wand of flame (2/48)
Scrolls
 e - 5 scrolls of remove curse
 i - a scroll of enchant weapon {unknown}
 j - 2 scrolls of magic mapping {unknown}
 s - 2 scrolls of fog {unknown}
 v - a scroll of noise {unknown}
 x - 2 scrolls of amnesia {unknown}
 B - a scroll of recharging {unknown}
 E - a scroll of immolation {unknown}
Potions
 g - a potion of cancellation
 n - a potion of mutation
 p - a potion of cure mutation
Books
 a - a book of Geomancy

   Spells                             Type                      Level
   a - Sandblast                      Earth                        1
   b - Passwall                       Transmutation/Earth          2
   c - Stone Arrow                    Conjuration/Earth            3
   d - Petrify                        Transmutation/Earth          4
   e - Lee's Rapid Deconstruction     Earth                        5
Comestibles
 c - 2 bread rations
 d - 3 royal jellies
 h - 2 meat rations
 o - 11 fruits


   Skills:
 + Level 5.5 Fighting
 * Level 6.9 Maces & Flails
 + Level 5.2 Dodging
 - Level 1.7 Stealth


You had 7 spell levels left.
You didn't know any spells.

Dungeon Overview and Level Annotations

Branches:
Dungeon (6/15)
 Temple: D:4-7

Altars:
Ashenzari
Cheibriados
Gozag
Hepliaklqana
Makhleb
Qazlal
Yredelemnul
The Shining One

Annotations:
D:4 Bronet's ghost, amateur DsAK


Innate Abilities, Weirdness & Mutations

You have sharp toenails.
You are significantly more attuned to the shadows.
When hurt, damage is shared between your health and your magic reserves.
You regenerate magic rapidly.


Message History

The ice beast hits you.
* * * LOW HITPOINT WARNING * * *
The ice beast freezes you.
* * * LOW HITPOINT WARNING * * *
The centaur skeleton hits you but does no damage.
You hit the ice beast.
The ice beast is lightly wounded.
The centaur skeleton hits you.
* * * LOW HITPOINT WARNING * * *
The ice beast hits you but does no damage.
You closely miss the ice beast.
The ice beast is lightly wounded.
The centaur skeleton hits you.
* * * LOW HITPOINT WARNING * * *
The ice beast hits you but does no damage.
The centaur skeleton hits you but does no damage.
You sock the ice beast!
The ice beast is moderately wounded.
The ice beast closely misses you. The centaur skeleton hits you.
You die...

* , ...##../..... .., .
#S....#...####.###.### *
#####./....#.#.#.#.#.## *
* #........#.#.#.#.#.#.#
**#.#####...#.#.#.#.#.###
.... *#.##.#.#Y#.#.#... ,
.,...∆ #Z#{#.#.#.#.#.#.#
* ,
....##Z##.#.#.#.#.#..#
,,,....Y@.#.#.#.#.#≈#.#.#
,....#####.#.#.#.#.#.##
..., .#.#.#.#.#.## , .. ,
.#.#?#.#.#.# * # ***
.#.#.#.#.## , , .#.#.#
#.# * * .... *## ### , ,
, *** *


You could see an ice beast, a giant cockroach zombie and a centaur skeleton.

Vanquished Creatures
  The ghost of Nico3ck the Cleaver, a novice FoFi of Okawaru (D:6)
  A water moccasin (D:6)
  A sky beast (D:5)
  3 hounds
  4 worker ants
  2 hound zombies (D:3)
  A hound skeleton (D:3)
  3 gnolls (D:5)
  4 adders
  2 shadow imps
  2 oozes (D:4)
  An adder skeleton (D:3)
  3 worms
  A dart slug (D:1)
  4 leopard geckos
  11 orcs
  2 ball pythons
  7 bats
  3 giant cockroaches
  3 goblins
  5 hobgoblins
  8 jackals
  10 kobolds
  2 quokkas (D:2)
  A ball python skeleton (D:4)
  4 frilled lizards
  A giant cockroach zombie (D:3)
  A jackal skeleton (D:3)
  A quokka zombie (D:3)
  8 rats
100 creatures vanquished.

Notes
Turn   | Place    | Note
-------+----------+-------------------------------------------
     0 | D:1      | kidcy the Demonspawn Monk began the quest for the Orb.
     0 | D:1      | Reached XP level 1. HP: 18/18 MP: 1/1
     4 | D:1      | Upgraded the game from 0.20-a0-526-g753eaab to 0.20-a0-613-g92415a4
    78 | D:1      | Reached skill level 3 in Maces & Flails
   204 | D:1      | Gained mutation: You have sharp toenails. [demonic ancestry]
   204 | D:1      | Reached XP level 2. HP: 24/24 MP: 2/2
  1273 | D:2      | Found a glowing golden altar of the Shining One.
  1275 | D:2      | Found a hazy altar of Hepliaklqana.
  1279 | D:2      | Found a snail-covered altar of Cheibriados.
  1290 | D:2      | Reached XP level 3. HP: 29/29 MP: 3/3
  1339 | D:2      | Found a basalt altar of Yredelemnul.
  2421 | D:3      | Found an opulent altar of Gozag.
  2606 | D:3      | Reached XP level 4. HP: 35/35 MP: 4/4
  2685 | D:3      | Reached skill level 4 in Maces & Flails
  3129 | D:4      | Found a shattered altar of Ashenzari.
  3138 | D:4      | Gained mutation: When hurt, damage is shared between your health and your magic reserves. [demonic ancestry]
  3138 | D:4      | Reached XP level 5. HP: 41/42 MP: 5/5
  3143 | D:4      | Became a worshipper of Ashenzari the Shackled
  3143 | D:4      | Reached * piety under Ashenzari
  3143 | D:4      | Reached ** piety under Ashenzari
  3221 | D:4      | Noticed Bronet's ghost (amateur DsAK)
  3270 | D:4      | Found a stormy altar of Qazlal.
  3432 | D:4      | Found a burning altar of Makhleb.
  4749 | D:5      | Entered Level 5 of the Dungeon
  5184 | D:5      | Identified the ring of Rippuroh {+Fly Str+4}
  5236 | D:5      | Gained mutation: You are slightly more attuned to the shadows. [demonic ancestry]
  5236 | D:5      | Reached XP level 6. HP: 48/48 MP: 6/6
  5401 | D:5      | Reached skill level 5 in Maces & Flails
  5513 | D:5      | Noticed a sky beast
  5524 | D:5      | Killed a sky beast
  5927 | D:6      | Noticed a water moccasin
  5955 | D:6      | Killed a water moccasin
  5955 | D:6      | Gained mutation: You are significantly more attuned to the shadows. [demonic ancestry]
  5955 | D:6      | Reached XP level 7. HP: 36/55 MP: 1/7
  6117 | D:6      | Noticed Nico3ck's ghost (novice FoFi)
  6149 | D:6      | Killed Nico3ck's ghost
  6149 | D:6      | Reached skill level 5 in Fighting
  6149 | D:6      | Reached skill level 6 in Maces & Flails
  6149 | D:6      | Reached skill level 5 in Dodging
  6149 | D:6      | Gained mutation: You regenerate magic rapidly. [demonic ancestry]
  6149 | D:6      | Reached XP level 8. HP: 11/63 MP: 1/8
  6588 | D:6      | HP: 2/63 [centaur skeleton (2)]
  6590 | D:6      | Slain by a centaur skeleton

Vault maps used:
D:1:      lordsloth_arrival_two_stooges, supply_closet_lemuel
D:2:      marbit_many_paths, grunt_temple_overflow_open, first_bread,
          st_stairs_6
D:3:      serial_undead, serial_undead_a, serial_undead_c, serial_undead_e,
          serial_undead_a, serial_undead_d, serial_undead_f, serial_undead_b,
          serial_undead_b, roderic_three_in_a_row, nicolae_gozag_seed_capital
D:4:      cheibrodos_ashenzari_chains, old_standard_altar, serial_bayou,
          serial_bayou_crossing, serial_bayou_pond_c, serial_bayou_pond_e,
          serial_bayou_pond_c, grunt_qazlal_clouds
D:6:      cheibrodos_thug_alley, minivault_23

Skill      XL: |  1  2  3  4  5  6  7 |
---------------+----------------------+-----
Maces & Flails | 3 4 5 6 |  6.9
Dodging        | 3 4 5 |  5.2
Fighting       | 4 5 |  5.5
Stealth        | |  1.7

Action                   |  1- 3 |  4- 6 |  7- 9 || total
-------------------------+-------+-------+-------++-------
Melee: Mace              |   106 |   166 |       ||   272
       Kick              |     1 |       |       ||     1
       Short sword       |    58 |    92 |       ||   150
       Flail             |       |    23 |    66 ||    89
Invok: Scrying           |       |       |     1 ||     1
Evoke: Wand              |       |     8 |       ||     8
  Use: Scroll            |     4 |     1 |     2 ||     7
       Potion            |     1 |     4 |     4 ||     9
 Stab: Sleeping          |     1 |     1 |     2 ||     4
  Eat: Chunk             |     5 |     5 |       ||    10
       Bread ration      |       |     2 |       ||     2
Armor: Robe              |     9 |       |       ||     9
       Scale mail        |    67 |   154 |    30 ||   251
Dodge: Dodged            |   124 |   180 |    26 ||   330
